 Dungeon Sprint DCSS version 0.29.1-12-g30fa7ad0bf (webtiles) character file.

Game seed: 11734653053626202473

3029 Groucho the Unseen (level 9, -23/39 HPs)
             Began as a Spriggan Enchanter on Dec 17, 2022.
             Was a Believer of Dithmenos.
             Killed from afar by a hell hog (34 damage)
             ... with a fireball
             ... in the Dungeon (Sprint II: "The Violet Keep of Menkaure").
             The game lasted 00:07:43 (350 turns).

Groucho the Unseen (Spriggan Enchanter)              Turns: 350, Time: 00:07:43

Health: -23/39     AC:  2    Str:  8    XL:     9   Next: 56%
Magic:  24/28      EV: 17    Int: 23    God:    Dithmenos [**....]
Gold:   791        SH:  0    Dex: 15    Spells: 26/37 levels left

rFire   . . .      SeeInvis +   d - +7 dagger of the Threshing Fool {vorpal, rElec Int+6}
rCold   . . .      Faith    .   (no shield)
rNeg    . . .      Spirit   .   b - +0 robe
rPois   .          Reflect  .   (helmet restricted)
rElec   +          Harm     .   (no cloak)
rCorr   .          Rampage  .   (gloves unavailable)
Will    +....      NoTele   +   (boots unavailable)
Stlth   ++++++++..              (no amulet)
HPRegen 0.13/turn               a - ring of flight
MPRegen 0.21/turn               (no ring)

@: flying, wreathed by umbra, very quick
A: very small, no large weapons, unfitting armour, see invisible, speed 3
a: Renounce Religion, Shadow Step


You were in the Dungeon.
You worshipped Dithmenos.
Dithmenos was pleased with you.
You visited 1 branch You collected 1148 gold pieces.
You spent 357 gold pieces at shops.

Inventory:

Hand Weapons
 d - the +7 dagger of the Threshing Fool (weapon) {vorpal, rElec Int+6}
   (You bought it in a shop in the Dungeon)

   It inflicts extra damage upon your enemies.
   Int:       It affects your intelligence (+6).
   rElec:     It insulates you from electricity.
Armour
 b - a +0 robe (worn)
Jewellery
 a - a ring of flight (left hand)
Scrolls
 f - a scroll of enchant armour {unknown}
 i - a scroll of blinking
Potions
 c - a potion of invisibility
 g - 2 potions of magic
 h - a potion of berserk rage


   Skills:
 - Level 10.0 Short Blades
 - Level 2.6 Dodging
 - Level 17.0 Stealth
 + Level 14.7 Spellcasting
 - Level 15.0 Hexes


You had 26 spell levels left.
You knew the following spells:

 Your Spells              Type           Power      Damage    Failure   Level
a - Ensorcelled Hibernat  Hex/Ice        100%       N/A       1%          2
b - Confusing Touch       Hex            72%        N/A       1%          3
c - Dazzling Flash        Conj/Hex       100%       N/A       1%          3
d - Tukima's Dance        Hex            72%        N/A       1%          3

Your spell library contained the following spells:

 Spells                   Type           Power      Damage    Failure   Level


Dungeon Overview and Level Annotations

Branches:
Dungeon (1/1)

Altars:
Cheibriados
Dithmenos
Elyvilon
Fedhas
Gozag
Hepliaklqana
Kikubaaqudgha
Makhleb
Nemelex Xobeh
Okawaru
Qazlal
Ru
Sif Muna
Trog
Uskayaw
Vehumet
Wu Jian
Xom
Yredelemnul
Zin
The Shining One
Jiyva
Lugonu

Shops:
D :[*[!(=[(=?[!:[

Annotations:
D exclusion: oklob plant


Innate Abilities, Weirdness & Mutations

You are very small and have problems with some larger weapons.
You are too small for most types of armour.
You have supernaturally acute eyesight. (SInv)
You cover ground extremely quickly. (Speed+++)


Message History

f - a scroll labelled YCRUCI LADWOUX You now have 791 gold pieces (gained 14).
There is an open door here.
Cast which spell? (? or * to list)
Aiming: Ensorcelled Hibernation (safe; 1% risk of failure)
Press: ? - help, Shift-Dir - straight line, f - water moccasin
Aim: a water moccasin (wandering, hasn't noticed you, umbra, chance to affect: 71%)
The water moccasin hisses angrily.
The water moccasin looks drowsy...
The helpless water moccasin fails to defend itself.
You stick the water moccasin like a pincushion!!!!
You kill the water moccasin!
Dithmenos accepts your kill.
You reach down and open the door.
A hell hog comes into view.
The hell hog squeals angrily.
You hear an angry squeal.
The hell hog breathes fire at you.
The fireball explodes!
The fireball engulfs you!!
Ouch! That really hurt!
You hear a shout!
Found 3 large rocks.
Unknown command.
Casting: Ensorcelled Hibernation (safe; 1% risk of failure)
Confirm with . or Enter, or press ? or * to list all spells.
Aiming: Ensorcelled Hibernation (safe; 1% risk of failure)
Press: ? - help, Shift-Dir - straight line, f - hell hog
Aim: a hell hog (umbra, chance to affect: 54%)
The hell hog resists with some effort.
A hell hog comes into view.
You feel much better. The hell hog breathes fire at you.
The fireball explodes!
The fireball engulfs you!!
Ouch! That really hurt!
* * * LOW HITPOINT WARNING * * *
The fireball engulfs the hell hog.
The hell hog completely resists.
The fireball engulfs the hell hog.
The hell hog completely resists.
The hell hog breathes fire at you.
The fireball explodes!
The fireball engulfs you!!
Ouch! That really hurt!
You die... #++# ...### # ....# #+++# ...# .... .. ..# ~.##+##.. ####.# ~##.#.##.####(.hh### ~#†.#†.# ...# #@.†#### ###...### ..#####..##)# [(((!

.###'###.##..#..'..#.†#▓?:![$
#.##.###..#..#..#..#..#▓[??[?
##'.<.'##.'..####..##.#▓?[[)?
#.##.##.#.#....###^..##▓▓▓▓▓▓
†###'###.##...§..~~~~~~~~~~~~
###..# ###~~..§..~#'########+
~#.†## #~~~~§~~..~#.._._._.#~


You could see 2 hell hogs.

Vanquished Creatures
  An iron elemental (D)
  A yaktaur (D)
  3 polar bears (D)
  A hornet (D)
  2 wyverns (D)
  4 neqoxecs (D)
  Menkaure (D)
  2 water moccasins (D)
  4 necrophages (D)
  2 worms (D)
21 creatures vanquished.

Notes
Turn   | Place    | Note
-------+----------+-------------------------------------------
     0 | D        | Groucho the Spriggan Enchanter began the quest for the Orb.
     0 | D        | Reached XP level 1. HP: 9/9 MP: 5/5
     3 | D        | Noticed a wyvern
     3 | D        | Noticed a wyvern
     6 | D        | Noticed a necrophage
     6 | D        | Noticed a necrophage
     6 | D        | Noticed a necrophage
     6 | D        | Noticed a necrophage
     9 | D        | Noticed a neqoxec
    18 | D        | Reached skill level 5 in Stealth
    36 | D        | Killed a neqoxec
    37 | D        | Reached skill level 10 in Stealth
    37 | D        | Reached XP level 2. HP: 13/13 MP: 6/11
    37 | D        | Reached XP level 3. HP: 16/16 MP: 6/12
    37 | D        | Reached XP level 4. HP: 21/21 MP: 7/14
    37 | D        | Reached XP level 5. HP: 24/24 MP: 7/15
    37 | D        | Noticed a neqoxec
    49 | D        | Noticed a neqoxec
    49 | D        | Noticed a neqoxec
    50 | D        | Killed a neqoxec
    51 | D        | Reached skill level 12 in Stealth
    51 | D        | Reached XP level 6. HP: 16/28 MP: 8/18
    52 | D        | Killed a neqoxec
    53 | D        | Reached skill level 13 in Stealth
    53 | D        | Noticed Menkaure
    54 | D        | Killed a neqoxec
    55 | D        | Reached skill level 5 in Short Blades
    55 | D        | Reached skill level 14 in Stealth
    55 | D        | Reached XP level 7. HP: 18/32 MP: 9/21
    57 | D        | Killed Menkaure
    58 | D        | Reached skill level 15 in Stealth
    58 | D        | Reached skill level 10 in Spellcasting
    58 | D        | Reached skill level 10 in Hexes
    70 | D        | Reached skill level 16 in Stealth
    80 | D        | Killed a wyvern
    81 | D        | Reached XP level 8. HP: 22/36 MP: 11/23
    84 | D        | Reached skill level 17 in Stealth
   115 | D        | Found Xaele's Antique Armour Shoppe.
   115 | D        | Found Ozoekkob's Antique Armour Shoppe.
   115 | D        | Found Redgher's Book Shoppe.
   115 | D        | Found Deintai's Jewellery Emporium.
   115 | D        | Found Oggon's Armour Shoppe.
   115 | D        | Found Moyvaumu's Magic Scroll Emporium.
   116 | D        | Found Vinwetoa's Jewellery Shoppe.
   116 | D        | Found Kauc's Antique Weapon Emporium.
   116 | D        | Found Qimunuut's Distillery.
   116 | D        | Found Eryaz's Antique Armour Emporium.
   117 | D        | Found Ypaes's General Store.
   117 | D        | Found Zoqala's Distillery.
   117 | D        | Found Gunn's Antique Weapon Emporium.
   117 | D        | Found Eripud's Antique Armour Emporium.
   117 | D        | Noticed a shining eye
   122 | D        | Learned a level 2 spell: Ensorcelled Hibernation
   126 | D        | Learned a level 3 spell: Confusing Touch
   130 | D        | Learned a level 3 spell: Dazzling Flash
   134 | D        | Learned a level 3 spell: Tukima's Dance
   151 | D        | Noticed a shining eye
   151 | D        | Noticed a shining eye
   151 | D        | Noticed an oklob plant
   152 | D        | Found Enicuf Fau's Book Shoppe.
   153 | D        | Noticed a polar bear
   154 | D        | Noticed a polar bear
   158 | D        | Noticed an unseen horror
   197 | D        | Bought a brightly glowing dagger for 147 gold pieces
   197 | D        | Identified the +7 dagger of the Threshing Fool {vorpal,
                  | rElec Int+6} (You bought it in a shop in the Dungeon)
   198 | D        | Noticed an unseen horror
   207 | D        | Bought a ring of flight for 210 gold pieces
   263 | D        | Found a hazy altar of Hepliaklqana.
   263 | D        | Found a snail-covered altar of Cheibriados.
   264 | D        | Found a viscous altar of Jiyva.
   264 | D        | Found a shadowy altar of Dithmenos.
   264 | D        | Found a stormy altar of Qazlal.
   266 | D        | Found a sacrificial altar of Ru.
   266 | D        | Found an ancient bone altar of Kikubaaqudgha.
   266 | D        | Found a white marble altar of Elyvilon.
   267 | D        | Found a shimmering blue altar of Sif Muna.
   267 | D        | Found a corrupted altar of Lugonu.
   267 | D        | Found an ornate altar of the Wu Jian Council.
   268 | D        | Found a shimmering altar of Xom.
   268 | D        | Found a bloodstained altar of Trog.
   268 | D        | Found a burning altar of Makhleb.
   269 | D        | Found a glowing golden altar of the Shining One.
   269 | D        | Found a basalt altar of Yredelemnul.
   269 | D        | Found a hide-covered altar of Uskayaw.
   270 | D        | Found a blossoming altar of Fedhas.
   273 | D        | Found a glowing silver altar of Zin.
   273 | D        | Found a radiant altar of Vehumet.
   273 | D        | Found a sparkling altar of Nemelex Xobeh.
   274 | D        | Found an opulent altar of Gozag.
   274 | D        | Found an iron altar of Okawaru.
   281 | D        | Became a worshipper of Dithmenos the Shadowed
   313 | D        | Noticed a yaktaur
   313 | D        | Noticed a hornet
   313 | D        | Noticed a polar bear
   314 | D        | Noticed a polar bear
   314 | D        | Noticed a polar bear
   315 | D        | Killed a polar bear
   316 | D        | Killed a polar bear
   318 | D        | Killed a hornet
   318 | D        | Reached * piety under Dithmenos
   319 | D        | Killed a polar bear
   320 | D        | Reached XP level 9. HP: 39/39 MP: 24/26
   321 | D        | Killed a yaktaur
   332 | D        | Noticed an iron elemental
   333 | D        | Killed an iron elemental
   333 | D        | Reached ** piety under Dithmenos
   334 | D        | Reached skill level 10 in Short Blades
   334 | D        | Reached skill level 15 in Hexes
   348 | D        | Noticed a hell hog
   349 | D        | Noticed a hell hog
   350 | D        | Killed from afar by a hell hog

Illustrated notes

Levels and vault maps discovered:
D:        the_violet_keep_of_menkaure [sprint2_stairs_cluster_1,
          sprint2_shoproom, sprint2_temple, sprint2_basic_supplies,
          sprint2_obstacle_1, sprint2_obstacle_2, sprint2_obstacle_6,
          sprint2_obstacle_5, sprint2_obstacle_3, sprint2_timed_cluster_1,
          sprint2_smallroom_cluster_1, sprint2_smallroom_final_cluster_1,
          sprint2_transparent_cluster_1, sprint2_second_timed_cluster_1,
          sprint2_sniper_area_1, sprint2_heavy_combat_area_1,
          sprint2_mutation_trap_area_1, sprint2_forest_area_1,
          sprint2_light_combat_area_1, sprint2_behind_water_1,
          sprint2_near_end_vault_1]

Skill      XL: |  1  2  3  4  5  6  7  8  9 |
---------------+----------------------------+-----
Stealth        | 10 12 14 16 17 | 17.0
Spellcasting   | 7 8 9 10 12 14 | 14.7
Hexes          | 7 8 9 11 13 15 | 15.0
Short Blades   | 3 5 7 9 10 | 10.0
Dodging        | |  2.6

Action                   |  1- 3 |  4- 6 |  7- 9 || total
-------------------------+-------+-------+-------++-------
Melee: Dagger            |    11 |    14 |    15 ||    40
       Punch             |     1 |       |       ||     1
 Cast: Ensorcelled Hiber |       |       |     6 ||     6
  Use: Potion            |     3 |       |     1 ||     4
 Stab: Invisible         |     3 |     1 |       ||     4
       Sleeping          |     2 |     3 |    15 ||    20
Armor: Robe              |       |     1 |       ||     1
Dodge: Dodged            |       |     4 |     8 ||    12
